 Dungeon Crawl Stone Soup version 0.27.1-2-g3b301248ec (webtiles) character file.

Game seed: 709595421094953270

104 SibleyIrresistible the Gusty (level 4, 0/24 HPs)
             Began as a Tengu Air Elementalist on Sept 26, 2021.
             Slain by an orc (6 damage)
             ... on level 3 of the Dungeon.
             The game lasted 00:07:07 (2525 turns).

SibleyIrresistible the Gusty (TeAE)                 Turns: 2525, Time: 00:07:08

Health: 0/24       AC:  2    Str:  8    XL:     4   Next: 80%
Magic:  0/8        EV: 12    Int: 16    God:
Gold:   34         SH:  0    Dex: 15    Spells: 1/7 levels left

rFire    . . .     SeeInvis .   (no weapon)
rCold    . . .     Faith    .   (no shield)
rNeg     . . .     Spirit   .   c - +0 robe
rPois    .         Reflect  .   (helmet restricted)
rElec    .         Harm     .   (no cloak)
rCorr    .         Rampage  .   (no gloves)
Will     .....                  (boots unavailable)
Stlth    ++........             (no amulet)
HPRegen  0.08/turn              (no ring)
MPRegen  0.11/turn              (no ring)

@: hasted, very quick
A: beak, talons 3
a: no special abilities


You were on level 3 of the Dungeon.
You visited 1 branch of the dungeon, and saw 3 of its levels.

You collected 34 gold pieces.

Inventory:

Armour
 c - a +0 robe (worn)
Scrolls
 a - 3 scrolls of fear {unknown}
 d - a scroll of noise {unknown}
 e - a scroll of identify {unknown}
 h - a scroll of immolation {unknown}
 i - a scroll of enchant armour {unknown}
 j - a scroll of enchant weapon {unknown}
Potions
 f - a potion of attraction {unknown}
 g - a potion of flight {unknown}


   Skills:
 - Level 2.1 Dodging
 - Level 2.0 Stealth
 - Level 2.0 Spellcasting
 - Level 1.3 Conjurations
 * Level 7.1 Air Magic


You had one spell level left.
You knew the following spells:

 Your Spells              Type           Power      Damage    Failure   Level
a - Shock                 Conj/Air       60%        1d6       3%          1
b - Swiftness             Air            24%        N/A       3%          3
c - Static Discharge      Conj/Air       15%        N/A       5%          2

Your spell library contained the following spells:

 Spells                   Type           Power      Damage    Failure   Level
 Airstrike                Air            12%        N/A       11%         4
 Ensorcelled Hibernation  Hex/Ice        2%         N/A       30%         2
 Stone Arrow              Conj/Erth      6%         3d7       43%         3
 Spider Form              Tmut/Pois      0%         N/A       52%         3
 Animate Armour           Summ/Erth      2%         N/A       90%         4
 Shadow Creatures         Summ           N/A        N/A       100%        6
 Lehudib's Crystal Spear  Conj/Erth      1%         10d2      100%        8


Dungeon Overview and Level Annotations

Branches:
Dungeon (3/15)

Altars:


Innate Abilities, Weirdness & Mutations

You have a beak for a mouth.
You have claws for feet.


Message History

You barely miss the orc priest.
You peck the orc priest, but do no damage.
The orc priest is almost dead.
The orc priest calls upon Beogh to heal the orc.
The orc is healed somewhat.
You hit the orc priest but do no damage.
The orc priest is almost dead.
The orc priest barely misses you.
You hit the orc priest but do no damage.
You claw the orc priest.
You kill the orc priest!
Your Air Magic skill increases to level 7!
You hit the orc. You claw the orc, but do no damage.
The orc is lightly wounded.
The orc closely misses you.
It was a potion of haste.
You feel yourself speed up. The orc closely misses you.
You hit the orc but do no damage.
The orc is lightly wounded.
The orc barely misses you.
Casting: Shock (safe; 3% risk of failure)
Confirm with . or Enter, or press ? or * to list all spells.
Aiming: Shock (safe; 3% risk of failure)
Press: ? - help, Shift-Dir - straight line The zap hits the orc.
You kill the orc!
The zap hits the orc.
The orc is heavily wounded.
The zap hits the orc.
The orc is severely wounded.
You barely miss the orc. You claw the orc, but do no damage.
Your peck misses the orc.
The orc is severely wounded.
You barely miss the orc.
The orc is severely wounded.
The orc closely misses you.
You closely miss the orc. Your kick misses the orc.
The orc is severely wounded.
The orc hits you with a +0 mace.
You die...

.. ... #.
#.. #.###)#
#.....†
#..##(#
#..##o#
#..##.#
#.####.<##.#
#.......@o.#
##......####
...###.## ##
#. #. #. #.
#.


You could see an orc.

Vanquished Creatures
  2 orc priests (D:3)
  4 orcs
  4 ball pythons
  4 bats
  5 endoplasms
  4 giant cockroaches
  5 goblins
  3 hobgoblins
  2 jackals (D:1)
  4 frilled lizards
  2 kobolds (D:2)
  2 rats (D:2)
41 creatures vanquished.

Vanquished Creatures (others)
  3 plants (D:2)
3 creatures vanquished.

Grand Total: 44 creatures vanquished

Notes
Turn   | Place    | Note
-------+----------+-------------------------------------------
     0 | D:1      | SibleyIrresistible the Tengu Air Elementalist began the
                  | quest for the Orb.
     0 | D:1      | Reached XP level 1. HP: 10/10 MP: 4/4
   319 | D:1      | Reached XP level 2. HP: 8/15 MP: 0/6
   585 | D:1      | Reached skill level 5 in Air Magic
  1486 | D:2      | Reached XP level 3. HP: 19/19 MP: 2/7
  1654 | D:2      | Learned a level 3 spell: Swiftness
  1657 | D:2      | Learned a level 2 spell: Static Discharge
  2018 | D:2      | Found a faded altar of an unknown god.
  2497 | D:3      | Reached skill level 6 in Air Magic
  2499 | D:3      | Reached XP level 4. HP: 24/24 MP: 2/8
  2519 | D:3      | Reached skill level 7 in Air Magic
  2525 | D:3      | Slain by an orc

Illustrated notes

Levels and vault maps discovered:
D:1:      dpeg_arrival_circle_labyrinth_c, layout_basic
D:2:      layout_basic, serial_forest, infiniplex_forest_straight_4,
          infiniplex_forest_lined_ring, infiniplex_forest_clump_small,
          infiniplex_forest_clump_small, infiniplex_forest_lined_2,
          ebering_ecumenical_altar_hall
D:3:      layout_loops_ring, nicolae_overflow_hidden_temple, serial_shops,
          nicolae_shop_behind_doors, chequers_jeans

Skill      XL: |  1  2  3  4 |
---------------+-------------+-----
Air Magic      | 5 6 7 |  7.1
Dodging        | |  2.1
Stealth        | |  2.0
Spellcasting   | |  2.0
Conjurations   | |  1.3

Action                   |  1- 3 |  4- 6 || total
-------------------------+-------+-------++-------
Melee: Unarmed           |    15 |    12 ||    27
       Kick              |     3 |     4 ||     7
       Peck              |       |     2 ||     2
 Cast: Shock             |    67 |     5 ||    72
  Use: Potion            |       |     1 ||     1
Armor: Robe              |     4 |       ||     4
Dodge: Dodged            |    12 |    10 ||    22
